 Dungeon Crawl Stone Soup version 0.30.1-3-gfc49f6343a (webtiles) character file.

Game seed: 9232229215807266209

6054 javelincjr the Fighter (level 10, -12/92 HPs)
             Began as a Demonspawn Fighter on July 20, 2023.
             Was a Believer of Okawaru.
             Mangled by a white ugly thing (32 damage)
             ... on level 9 of the Dungeon.
             The game lasted 00:34:07 (8300 turns).

javelincjr the Fighter (Demonspawn Fighter)         Turns: 8300, Time: 00:34:10

Health: -12/92     AC: 10    Str: 21    XL:     10   Next: 57%
Magic:  11/11      EV: 13    Int: 10    God:    Okawaru [**....]
Gold:   694        SH:  7    Dex: 24    Spells: 9/9 levels left

rFire   . . .        E - +7 trident (vamp)
rCold   . . .        c - +0 buckler
rNeg    . . .        b - +0 troll leather armour
rPois   .            w - +0 hat "Ofouddesh" {Slay+3}
rElec   .            I - +0 cloak
rCorr   .            s - +1 pair of gloves
SInv    .            (no boots)
Will    .....        (no amulet)
Stlth   ++           p - +6 ring of dexterity
HPRegen 1.15/turn    k - +6 ring of dexterity
MPRegen 0.12/turn

%: no passive effects
@: no status effects
A: antennae 2, (demonic guardian 3), sharp scales 2
a: Renounce Religion, Heroism


You were on level 9 of the Dungeon.
You worshipped Okawaru.
Okawaru was pleased with you.
You visited 2 branches of the dungeon, and saw 10 of its levels.
You also visited: Sewer and Ossuary.

You collected 694 gold pieces.

Inventory:

Hand Weapons
 a - a +0 trident
 q - a +2 short sword of freezing
 t - a +1 vampiric short sword
 u - a +2 dagger of speed
 E - a +7 vampiric trident (weapon)
 H - a +1 flail of protection
Missiles
 v - 18 poisoned darts (quivered)
 P - 3 throwing nets
Armour
 b - a +0 troll leather armour (worn)
 c - a +0 buckler (worn)
 f - a +0 chain mail
 s - a +1 pair of gloves (worn)
 w - the +0 hat "Ofouddesh" (worn) {Slay+3}
   (You acquired it in a sewer)

   Slay:      It affects your accuracy & damage with ranged weapons and melee
   (+3).
 I - a +0 cloak (worn)
Jewellery
 k - a +6 ring of dexterity (right hand)
 p - a +6 ring of dexterity (left hand)
 G - a ring of positive energy
Wands
 r - a wand of iceblast (10)
 D - a wand of flame (44)
Scrolls
 e - 5 scrolls of teleportation
 h - a scroll of amnesia
 m - a scroll of immolation {unknown}
 o - 4 scrolls of fear
 x - a scroll of butterflies {unknown}
 y - a scroll of blinking {unknown}
 L - 3 scrolls of magic mapping {unknown}
 M - 2 scrolls of torment
 O - a scroll of brand weapon {unknown}
 Q - 3 scrolls of fog {unknown}
 R - a scroll of poison {unknown}
Potions
 d - 4 potions of might
 g - 2 potions of berserk rage
 i - 4 potions of curing
 j - 4 potions of mutation
 l - 2 potions of magic
 n - 2 potions of brilliance {unknown}
 z - 2 potions of cancellation {unknown}
 A - a potion of lignification {unknown}
 B - 2 potions of heal wounds
 C - 2 potions of ambrosia {unknown}
 F - a potion of resistance {unknown}
 J - 3 potions of invisibility
 K - 2 potions of flight {unknown}
 N - a potion of haste {unknown}


   Skills:
 * Level 13.5 Fighting
 - Level 2.6 Maces & Flails
 + Level 6.2 Polearms
 + Level 6.8 Armour
 + Level 2.6 Dodging
 + Level 6.9 Shields
 + Level 2.6 Invocations


You had 9 spell levels left.
You didn't know any spells.
Your spell library contained the following spells:

 Spells                   Type           Power      Damage    Failure   Level
 Blink                    Tloc           0%         N/A       61%         2
 Ozocubu's Armour         Ice            0%         N/A       83%         3
 Portal Projectile        Hex/Tloc       0%         N/A       83%         3
 Leda's Liquefaction      Hex/Erth       0%         N/A       99%         4
 Manifold Assault         Tloc           0%         N/A       99%         4
 Blade Hands              Tmut           0%         N/A       100%        5
 Iron Shot                Conj/Erth      0%         9d1       100%        6
 Ozocubu's Refrigeration  Ice            0%         4d7       100%        7
 Storm Form               Tmut/Air       0%         N/A       100%        7
 Call Canine Familiar     Summ           Unusable   N/A       N/A         3
 Animate Armour           Summ/Erth      Unusable   N/A       N/A         4

Dungeon Overview and Level Annotations

Branches:
Dungeon (9/15)             Temple (1/1) D:7           Sewer (visited)
Ossuary (visited)
   Lair: D:8-11         Orc: D:9-12

Altars:
Dithmenos
Fedhas
Gozag
Makhleb
Okawaru
Ru
Sif Muna

Shops:
D:2 [


Innate Abilities, Weirdness & Mutations

You have a pair of antennae on your head.
((A powerful demonic guardian rushes to your aid.))
You are mostly covered in razor-sharp scales. (AC +2, Slay +2)


Message History

You puncture the centaur warrior!
You feel better.
The centaur warrior is almost dead.
The centaur warrior hits you. The centaur warrior kicks you.
You hit the centaur warrior.
You feel better.
You kill the centaur warrior!
Okawaru is honoured by your kill.
The white ugly thing basks in the mutagenic energy from its kin and changes!
Your Invocations skill increases to level 2!
You puncture the white ugly thing!
The white ugly thing is lightly wounded.
The white ugly thing barely misses you.
You completely miss the white ugly thing.
The white ugly thing is lightly wounded.
You block the white ugly thing's attack.
You puncture the white ugly thing!
The white ugly thing is moderately wounded.
You block the white ugly thing's attack.
You puncture the white ugly thing!
The white ugly thing is moderately wounded.
The white ugly thing claws you but does no damage.
You puncture the white ugly thing!
The white ugly thing is heavily wounded.
The white ugly thing barely misses you.
You puncture the white ugly thing!
You feel better.
The white ugly thing is severely wounded.
The white ugly thing claws you but does no damage.
You hit the white ugly thing.
The white ugly thing is severely wounded.
The white ugly thing claws you! The white ugly thing freezes you!!
You hit the white ugly thing.
You feel better.
The white ugly thing is severely wounded.
The white ugly thing claws you. The white ugly thing freezes you!
You puncture the white ugly thing!
The white ugly thing is almost dead.
The white ugly thing claws you! The white ugly thing freezes you!!
* * * LOW HITPOINT WARNING * * *
You feel much better. The white ugly thing claws you.
* * * LOW HITPOINT WARNING * * *
The white ugly thing freezes you!!
You die...

######..#.##.##.#.....#
.......####.
.####).#.##
...#..##)... ..$##))..#
..+..##
###...######†..#####
..#.##{# #.#
#(##......# .....#.#
###.### #.#.....#...
..#.##.#
#....$###.##.#..## .
.####{
.##....u##...####..#
##(..
.......zu@......##.#
.####.
.##....y##...#)##..#
..#.##.
#.....###.##.#..##
.....#.# ###.###
#.#......# ..#.##[# #.
#)##.....+ ..#..# ..
###......# ..# ..# .. {
#.......# .... ..# ##.
#........# ).### .
#.........#


You could see 2 ugly things, a skeletal warrior and a killer bee.

Vanquished Creatures
  A centaur warrior (D:9)
  A two-headed ogre (D:7)
  An ugly thing (D:9)
  A kobold demonologist (D:7)
  A troll (D:7)
  2 hornets
  A slime creature (D:7)
  A wraith (D:9)
  A steam dragon (D:8)
  2 water moccasins (D:6)
  2 orc warriors
  4 sky beasts
  A black bear (D:5)
  3 centaurs
  2 lemures
  2 kobold brigands
  A bullfrog (D:7)
  2 gnoll sergeants
  8 killer bees
  2 hounds
  A gnoll bouda (D:8)
  2 orc priests
  6 orc wizards
  2 sleepcaps
  3 iguanas
  8 mummies (Ossuary)
  13 gnolls
  A river rat (Sewer)
  11 adders
  A shadow imp (D:7)
  3 white imps
  6 worms
  3 dart slugs
  22 orcs
  10 ball pythons
  5 bats
  5 endoplasms
  5 giant cockroaches
  9 goblins
  4 hobgoblins
  6 jackals
  4 quokkas
  8 frilled lizards
  A hobgoblin zombie (Ossuary)
  16 kobolds
  2 kobold zombies (Ossuary)
  5 orc zombies (Ossuary)
  8 rats
209 creatures vanquished.

Vanquished Creatures (collateral kills)
  Pikel (D:7)
  A scorpion (D:6)
2 creatures vanquished.

Grand Total: 211 creatures vanquished

Notes
Turn   | Place    | Note
-------+----------+-------------------------------------------
     0 | D:1      | javelincjr the Demonspawn Fighter began the quest for the
                  | Orb.
     0 | D:1      | Reached XP level 1. HP: 18/18 MP: 1/1
    97 | D:1      | Found a faded altar of an unknown god.
   222 | D:1      | Prayed at the altar of an unknown god.
   222 | D:1      | Became a worshipper of Ru the Awakened
   223 | D:1      | Fell from the grace of Ru
   331 | D:1      | Gained mutation: You are partially covered in razor-sharp
                  | scales. (AC +1, Slay +1) [demonic ancestry]
   331 | D:1      | Reached XP level 2. HP: 24/24 MP: 2/2
   849 | D:2      | Reached XP level 3. HP: 29/29 MP: 3/3
   954 | D:2      | Found Gouxeu's Antique Armour Shop.
  1306 | D:2      | Gained mutation: You have a pair of small antennae on your
                  | head. [demonic ancestry]
  1306 | D:2      | Reached XP level 4. HP: 37/37 MP: 4/4
  1606 | D:3      | Reached skill level 4 in Fighting
  1741 | D:3      | Identified a scroll of acquirement
  1741 | D:3      | Acquired a manual of Fighting
  1790 | D:3      | Found a glowing drain.
  1799 | Sewer    | Entered a sewer
  2082 | Sewer    | Gained mutation: A weak demonic guardian rushes to your
                  | aid. [demonic ancestry]
  2082 | Sewer    | Reached XP level 5. HP: 43/43 MP: 5/5
  2175 | Sewer    | Reached skill level 5 in Fighting
  2286 | Sewer    | Acquired the +0 hat "Ofouddesh" {Slay+3}
  3186 | D:4      | Reached XP level 6. HP: 30/51 MP: 6/6
  3486 | D:5      | Entered Level 5 of the Dungeon
  3499 | D:5      | Reached skill level 6 in Fighting
  4124 | D:5      | Noticed an orc warrior
  4149 | D:5      | Killed an orc warrior
  4150 | D:5      | Gained mutation: You have a pair of antennae on your head.
                  | [demonic ancestry]
  4150 | D:5      | Reached XP level 7. HP: 26/59 MP: 7/7
  4160 | D:5      | Reached skill level 7 in Fighting
  4870 | D:6      | Reached skill level 8 in Fighting
  5118 | D:6      | Gained mutation: A demonic guardian rushes to your aid.
                  | [demonic ancestry]
  5118 | D:6      | Reached XP level 8. HP: 38/69 MP: 8/8
  5381 | D:6      | Found a shimmering blue altar of Sif Muna.
  5676 | D:6      | Reached skill level 9 in Fighting
  5777 | D:7      | Reached skill level 5 in Armour
  5777 | D:7      | Reached skill level 5 in Shields
  5792 | D:7      | Noticed Pikel
  5802 | D:7      | Paralysed by Pikel for 4 turns
  5811 | D:7      | Paralysed by Pikel for 3 turns
  5816 | D:7      | Killed Pikel
  5817 | D:7      | Reached skill level 10 in Fighting
  5817 | D:7      | Reached skill level 5 in Polearms
  5958 | D:7      | Gained mutation: A powerful demonic guardian rushes to your
                  | aid. [demonic ancestry]
  5958 | D:7      | Reached XP level 9. HP: 79/79 MP: 9/9
  6043 | D:7      | Found a sand-covered staircase.
  6051 | Ossuary  | Entered an ossuary
  6454 | D:7      | Reached skill level 11 in Fighting
  6626 | D:7      | Noticed a kobold demonologist
  6724 | D:7      | Noticed a two-headed ogre
  6735 | D:7      | Killed a two-headed ogre
  6736 | D:7      | Reached skill level 12 in Fighting
  6839 | D:7      | Killed a kobold demonologist
  6840 | D:7      | Reached skill level 1 in Maces & Flails
  7097 | D:7      | Found a staircase to the Ecumenical Temple.
  7105 | D:7      | Noticed a troll
  7112 | Temple   | Entered the Ecumenical Temple
  7121 | Temple   | Became a worshipper of Warmaster Okawaru
  7142 | D:7      | Killed a troll
  7143 | D:7      | Reached skill level 1 in Dodging
  7545 | D:8      | Gained mutation: You are mostly covered in razor-sharp
                  | scales. (AC +2, Slay +2) [demonic ancestry]
  7545 | D:8      | Reached XP level 10. HP: 88/91 MP: 10/10
  7630 | D:8      | Reached * piety under Okawaru
  8000 | D:8      | Reached skill level 13 in Fighting
  8163 | D:9      | Noticed a cyan ugly thing
  8174 | D:9      | Noticed a centaur warrior
  8217 | D:9      | Reached skill level 1 in Invocations
  8274 | D:9      | Noticed a white ugly thing
  8275 | D:9      | Noticed a brown ugly thing
  8277 | D:9      | Noticed a skeletal warrior
  8280 | D:9      | Killed a white ugly thing
  8280 | D:9      | Reached ** piety under Okawaru
  8290 | D:9      | Killed a centaur warrior
  8300 | D:9      | Mangled by a white ugly thing

Illustrated notes

Levels and vault maps discovered:
D:1:      eino_arrival_water_cross, layout_loops_ring,
          ebering_ecumenical_altar_abandoned, minmay_tetromino_i4
D:2:      minmay_chambers_of_ones, layout_basic, serial_shops,
          nicolae_shop_tiny_waterfront
D:3:      layout_rooms, cheibrodos_sewer_entry_bend, kennysheep_generic_room_5
D:4:      layout_loops_ring
D:5:      layout_cave_pods, minmay_small_thing
D:6:      layout_basic, mainiacjoe_overflow_alcove_2
D:7:      minmay_chambers_of_sixes, layout_cave_pools,
          minmay_temple_entry_glassed_door, nicolae_ossuary_entry_plus,
          serial_column_ruins, column_ruins_open_tiny, column_ruins_grid_1,
          column_ruins_columns_straight, column_ruins_open_tiny,
          column_ruins_corridor_dead_end, uniq_pikel
D:8:      layout_basic, serial_glass, glass_columns_a, glass_columns_a
D:9:      layout_roguey, amcnicky_altar_gilded, lair_entry_dummy, serial_undead,
          serial_undead_c, serial_undead_f, serial_undead_a, serial_undead_a,
          hangedman_decor_clover_reticule, minmay_fractal_squares_gapless_7
Temple:   nicolae_temple_bog_church

Skill      XL: |  1  2  3  4  5  6  7  8  9 10 |
---------------+-------------------------------+-----
Polearms       | 2 3 4 5 6 |  6.2
Armour         | 3 4 5 6 |  6.8
Shields        | 3 4 5 6 |  6.9
Fighting       | 4 5 6 8 10 12 13 | 13.5
Maces & Flails | 2 |  2.6
Dodging        | 1 2 |  2.6
Invocations    | 2 |  2.6

Action                     |  1- 3 |  4- 6 |  7- 9 | 10-12 || total
---------------------------+-------+-------+-------+-------++-------
  Melee: Trident           |   131 |    10 |       |    63 ||   204
         Short sword       |       |   299 |   230 |       ||   529
         Flail             |       |       |   133 |    67 ||   200
  Throw: Dart              |       |     1 |     4 |     4 ||     9
         Throwing net      |       |       |     1 |       ||     1
 Invoke: Renounce Religion |     1 |       |       |       ||     1
  Evoke: Wand              |       |       |     1 |       ||     1
    Use: Scroll            |       |     9 |     5 |       ||    14
         Potion            |       |       |       |     1 ||     1
 Armour: Scale mail        |    47 |    92 |       |       ||   139
         Chain mail        |       |    31 |   247 |       ||   278
         Troll leather arm |       |       |    22 |    59 ||    81
  Dodge: Dodged            |    41 |    91 |   142 |    94 ||   368
  Block: Buckler           |    22 |    56 |   113 |    59 ||   250
